 Dungeon Crawl Stone Soup version 0.20.1-1-g8b1a95d (webtiles) character file.

408 polve the Slasher (level 6, -6/47 HPs)
             Began as a Demonspawn Berserker on Aug 4, 2017.
             Was a Priest of Trog.
             Mangled by Rhok's ghost (10 damage)
             ... on level 4 of the Dungeon.
             The game lasted 00:05:41 (4900 turns).

polve the Slasher (Demonspawn Berserker)            Turns: 4900, Time: 00:05:42

Health: -6/47      AC:  5    Str: 18    XL:     6   Next: 57%
Magic:  0/6        EV: 12    Int:  8    God:    Trog [***...]
Gold:   198        SH:  0    Dex: 14    Spells: 5/5 levels left

rFire    . . .     SeeInvis .   n - +0 scimitar
rCold    . . .     Gourm    .   (no shield)
rNeg     . . .     Faith    .   b - +0 animal skin
rPois    .         Spirit   +   (no helmet)
rElec    .         Reflect  .   (no cloak)
rCorr    .         Harm     .   o - +0 pair of gloves
MR       .....                  (no boots)
Stlth    +.........             l - amulet of guardian spirit
Regen    0.2/turn               (no ring)
MPRegen  0.1/turn               (no ring)

@: berserk cooldown, slowed, very slow
A: icy blue scales 1
a: Berserk, Trog's Hand, Burn Spellbooks, Renounce Religion


You were on level 4 of the Dungeon.
You worshipped Trog.
Trog was most pleased with you.
You were hungry.

You visited 1 branch of the dungeon, and saw 4 of its levels.

You collected 198 gold pieces.

Inventory:

Hand Weapons
 n - a +0 scimitar (weapon)
Armour
 b - a +0 animal skin (worn)
 o - a +0 pair of gloves (worn)
Jewellery
 l - an amulet of guardian spirit (around neck)
Wands
 p - a wand of scattershot (2/9)
Scrolls
 a - a scroll of fear {unknown}
 d - 2 scrolls of enchant armour
 e - 3 scrolls of teleportation
 h - a scroll of fog {unknown}
 k - a scroll of amnesia {unknown}
 r - a scroll of blinking {unknown}
Potions
 f - a potion of agility
 g - 2 potions of might
 j - a potion of magic {unknown}
 m - 4 potions of haste
Comestibles
 c - 5 bread rations
 i - 2 meat rations
 q - a fruit


   Skills:
 - Level 3.0 Fighting
 + Level 6.8 Long Blades
 - Level 1.7 Armour
 - Level 1.7 Dodging


You had 5 spell levels left.
You didn't know any spells.

Dungeon Overview and Level Annotations

Branches:
Dungeon (4/15)
 Temple: D:4-7

Altars:
Cheibriados
Dithmenos
Qazlal
Ru
Yredelemnul

Annotations:
D:4 Rhok's ghost, novice MiFi


Innate Abilities, Weirdness & Mutations

You are partially covered in icy blue scales. (AC +2)


Message History

You hit Rhok's ghost.
Rhok's ghost is lightly damaged.
Rhok's ghost hits you!
* * * LOW HITPOINT WARNING * * *
Rhok's ghost freezes you.
* * * LOW HITPOINT WARNING * * *
You barely miss Rhok's ghost.
Rhok's ghost is lightly damaged.
Rhok's ghost completely misses you. Rhok's ghost hits you!
* * * LOW HITPOINT WARNING * * *
Rhok's ghost freezes you.
* * * LOW HITPOINT WARNING * * *
You closely miss Rhok's ghost.
Rhok's ghost is lightly damaged.
Rhok's ghost hits you.
* * * LOW HITPOINT WARNING * * *
Rhok's ghost freezes you.
* * * LOW HITPOINT WARNING * * *
Rhok's ghost hits you!
You die...

##.....###.#.#
..........##.#.#
.##............# ##
#.......##...# ..
##.....###...# .#
##...####...# .#
............# .#
#####.###..)###.######
#. #...)@W.......
#...###.#####. #.###
.# #.# .# #.# .. ..>
## ..


You could see Rhok's ghost.

Vanquished Creatures
  The ghost of ConnectionFaild the Stinger, a weakling OpVM (D:3)
  2 orc priests
  A centaur skeleton (D:4)
  3 orc wizards
  3 gnolls (D:2)
  8 adders
  A worm (D:1)
  3 dart slugs
  4 leopard geckos
  9 orcs
  7 bats
  3 giant cockroaches
  11 goblins
  10 hobgoblins
  2 jackals (D:1)
  5 frilled lizards
  14 kobolds
  5 rats
92 creatures vanquished.

Notes
Turn   | Place    | Note
-------+----------+-------------------------------------------
     0 | D:1      | polve the Demonspawn Berserker began the quest for the Orb.
     0 | D:1      | Reached XP level 1. HP: 18/18 MP: 1/1
   216 | D:1      | Reached skill level 3 in Long Blades
   223 | D:1      | Gained mutation: You are partially covered in icy blue scales. (AC +2) [demonic ancestry]
   223 | D:1      | Reached XP level 2. HP: 11/24 MP: 2/2
  1042 | D:1      | Reached ** piety under Trog
  1137 | D:1      | Reached XP level 3. HP: 17/29 MP: 1/3
  1357 | D:1      | Reached skill level 4 in Long Blades
  2135 | D:2      | Reached XP level 4. HP: 35/35 MP: 4/4
  2416 | D:2      | Found a snail-covered altar of Cheibriados.
  2610 | D:2      | Reached skill level 5 in Long Blades
  2613 | D:2      | Reached XP level 5. HP: 30/41 MP: 3/5
  2867 | D:2      | Found a shadowy altar of Dithmenos.
  3143 | D:2      | Found a stormy altar of Qazlal.
  3143 | D:2      | Found a faded altar of an unknown god.
  3148 | D:2      | Found a basalt altar of Yredelemnul.
  3150 | D:2      | Found a sacrificial altar of Ru.
  3152 | D:2      | Found a faded altar of an unknown god.
  3285 | D:3      | Reached *** piety under Trog
  3444 | D:3      | Noticed ConnectionFaild's ghost (weakling OpVM)
  3452 | D:3      | Killed ConnectionFaild's ghost
  3662 | D:3      | Reached skill level 6 in Long Blades
  3668 | D:3      | Reached XP level 6. HP: 47/47 MP: 6/6
  4895 | D:4      | Noticed Rhok's ghost (novice MiFi)
  4900 | D:4      | Mangled by Rhok's ghost

Skill      XL: |  1  2  3  4  5 |
---------------+----------------+-----
Long Blades    | 3 4 5 6 |  6.8
Fighting       | |  3.0
Armour         | |  1.7
Dodging        | |  1.7

Action                   |  1- 3 |  4- 6 || total
-------------------------+-------+-------++-------
Melee: Falchion          |   136 |   157 ||   293
       Scimitar          |       |    47 ||    47
Invok: Berserk           |     2 |     5 ||     7
  Use: Scroll            |       |     7 ||     7
 Stab: Sleeping          |     1 |     2 ||     3
  Eat: Chunk             |     4 |    13 ||    17
       Royal jelly       |     1 |       ||     1
Armor: Animal skin       |    31 |    67 ||    98
Dodge: Dodged            |    91 |   147 ||   238
       Rpst.: Falchion   |    24 |    42 ||    66
       Scimitar          |       |     6 ||     6
